 Dungeon Crawl Stone Soup version 0.19.5 (webtiles) character file.

58 JeffiDaFish the Shooter (level 3, -1/18 HPs)
             Began as a Spriggan Hunter on Dec 13, 2017.
             Killed from afar by Sigmund (10 damage)
             ... with a wand of flame
             ... on level 2 of the Dungeon.
             The game lasted 00:02:25 (1338 turns).

JeffiDaFish the Shooter (Spriggan Hunter)           Turns: 1338, Time: 00:02:25

Health: -1/18      AC:  2    Str:  8    XL:     3   Next: 75%
Magic:  4/4        EV: 19    Int: 12    God:
Gold:   65         SH:  0    Dex: 17    Spells: 0 memorised, 2 levels left

rFire  . . .     SeeInvis +     a - +1 shortbow
rCold  . . .     Gourm    .     c - +0 robe
rNeg   . . .     Faith    .     (shield currently unavailable)
rPois  .         Spirit   .     (helmet restricted)
rElec  .         Reflect  .     (no cloak)
rCorr  .         Harm     .     (gloves unavailable)
MR     .....                    (boots unavailable)
Stlth  ++........               (no amulet)
                                (no ring)
                                (no ring)

@: very quick
A: unfitting armour, see invisible, herbivore 3, speed 3, slow metabolism 2
a: no special abilities


You were on level 2 of the Dungeon.
You were not hungry.

You visited 1 branch of the dungeon, and saw 2 of its levels.

You collected 65 gold pieces.

Inventory:

Hand Weapons
 a - a +1 shortbow (weapon)
 g - a +1 short sword of protection
Missiles
 d - 35 arrows (quivered)
Armour
 c - a +0 robe (worn)
Scrolls
 b - a scroll of identify
 h - 2 scrolls of remove curse
Potions
 e - 2 potions of flight
 i - a potion of berserk rage
Comestibles
 f - 2 bread rations
 j - a slice of pizza


   Skills:
 + Level 1.7 Fighting
 + Level 0.0 Short Blades
 * Level 6.1 Bows
 * Level 3.6 Dodging
 + Level 1.7 Stealth


You had 2 spell levels left.
You didn't know any spells.

Dungeon Overview and Level Annotations

Branches:
Dungeon (2/15)

Altars:

Annotations:
D:2 Sigmund


Innate Abilities, Weirdness & Mutations

You are very small and have problems with some larger weapons.
You are too small for most types of armour.
You have supernaturally acute eyesight. (SInv)
You are a herbivore.
You cover ground extremely quickly.
You need consume almost no food.


Message History

Sigmund is severely wounded.
Sigmund casts a spell at you. The magic dart hits you!
Firing (i - inventory):
d - 38 arrows (quivered)
Press: ? - help, Shift-Dir - straight line, f/p - Sigmund
Aim: Sigmund, wielding a scythe, wearing a robe and carrying a wand of flame {zapped: 1} (severely wounded)
You shoot an arrow. The arrow hits Sigmund.
Sigmund is severely wounded.
Firing (i - inventory):
d - 37 arrows (quivered)
Press: ? - help, Shift-Dir - straight line, f/p - Sigmund
Aim: Sigmund, wielding a scythe, wearing a robe and carrying a wand of flame {zapped: 1} (severely wounded)
You shoot an arrow. The arrow barely misses Sigmund.
Sigmund zaps a wand.
The puff of flame misses you.
Firing (i - inventory):
d - 36 arrows (quivered)
Press: ? - help, Shift-Dir - straight line, f/p - Sigmund
Aim: Sigmund, wielding a scythe, wearing a robe and carrying a wand of flame {zapped: 2} (severely wounded)
You shoot an arrow. The arrow closely misses Sigmund.
Sigmund zaps a wand.
The puff of flame hits you!
Ouch! That really hurt!
You die...

#.#.#######.#.##.#
######.#.........#.##.#
..........#.#.##..#.##.#
#######.#.#.#.##..#.##.#
.....#.#.#...##..#(##.#
.#.#.#.#.######..#.##.#
...................>..#
###
.#.....#.#.##.####.#####
...
(((.@..@................
...
.#####.#.#..†.####.#####
... #.#.#....# #.# ...
#.#.#..### #.# ...
#...#..# #.# ###### .#
########..######.#
.....# .#
.................#
....(# .#
#####........###
.....##.# #...'........#


You could see Sigmund.

Vanquished Creatures
  A worm (D:2)
  2 dart slugs
  2 leopard geckos (D:2)
  A ball python (D:2)
  3 bats
  2 giant cockroaches (D:1)
  4 goblins
  6 hobgoblins
  10 jackals
  6 frilled lizards (D:1)
  2 kobolds (D:1)
  5 rats
44 creatures vanquished.

Notes
Turn   | Place    | Note
-------+----------+-------------------------------------------
     0 | D:1      | JeffiDaFish the Spriggan Hunter began the quest for the Orb.
     0 | D:1      | Reached XP level 1. HP: 10/10 MP: 2/2
    86 | D:1      | Reached skill level 5 in Bows
    97 | D:1      | Reached XP level 2. HP: 12/14 MP: 3/3
   457 | D:1      | Reached XP level 3. HP: 18/18 MP: 4/4
   692 | D:1      | Reached skill level 6 in Bows
  1329 | D:2      | Noticed Sigmund
  1338 | D:2      | Killed from afar by Sigmund

Skill      XL: |  1  2  3 |
---------------+----------+-----
Bows           | 5 6 |  6.1
Fighting       | |  1.7
Dodging        | |  3.6
Stealth        | |  1.7

Action                   || total
-------------------------++-------
Melee: Short sword       ||    29
 Fire: Shortbow          ||    79
  Use: Potion            ||     3
       Scroll            ||     4
 Stab: Sleeping          ||     2
Armor: Robe              ||     8
Dodge: Dodged            ||    46
